 Dungeon Crawl Stone Soup version 0.17-a0-1184-gb75be8f (console) character file.

16839 demorobin the Fighter (level 12, 105/105 HPs)
             Began as a Mummy Berserker on May 29, 2015.
             Was a High Priest of Trog.
             Quit the game on level 6 of the Dungeon on June 1, 2015.
             The game lasted 00:55:52 (20339 turns).

demorobin the Fighter (Mummy Berserker)            Turns: 20339, Time: 00:55:52

Health: 105/105    AC: 20    Str: 20    XL:     12   Next: 13%
Magic:  12/12      EV:  6    Int:  6    God:    Trog [*****.]
Gold:   33         SH:  0    Dex: 17    Spells: 0 memorised, 11 levels left

rFire  . . .     SeeInvis .     a - +3 whip (elec)
rCold  . . .     Clarity  .     M - +2 plate armour {rN+}
rNeg   + + +     SustAt   .     (no shield)
rPois  ∞         Gourm    .     r - +2 helmet
rElec  .         Spirit   .     (no cloak)
rCorr  .         Warding  +     (no gloves)
rMut   .         Stasis   .     n - +2 pair of boots
MR     +....                    B - amulet of warding
Stlth  ..........               Q - ring of fire
                                S - ring "Vogar Hye" {+Fly Stlth+}

@: somewhat resistant to hostile enchantments, extremely unstealthy
A: no food or potions, fire vulnerability, cold resistance 1, negative energy
resistance 3, torment resistance, unbreathing
a: Burn Spellbooks, Trog's Hand, Brothers in Arms, Renounce Religion, Evoke
Flight


You were on level 6 of the Dungeon.
You worshipped Trog.
Trog was extremely pleased with you.
You were not hungry.

You visited 2 branches of the dungeon, and saw 13 of its levels.
You also visited: Labyrinth.

You collected 735 gold pieces.
You spent 702 gold pieces at shops.

Inventory:

Hand weapons
 a - a +3 whip of electrocution (weapon)
 b - a +0 dire flail
 c - a +0 mace of crushing
 k - a +3 club
 y - a +0 flail of protection
 E - a +0 blowgun
 N - a cursed -1 morningstar
Missiles
 i - 528 stones
 l - 2 throwing nets
 u - 12 tomahawks (quivered)
 F - 30 poisoned needles
Armour
 h - a +0 large shield
 n - a +2 pair of boots (worn)
 r - a +2 helmet (worn)
 t - a +1 leather armour of fire resistance
 M - a +2 plate armour of positive energy (worn)
Jewellery
 B - an amulet of warding (around neck)
 O - the ring "Xufucwanu" {+/*Tele Str+4}
   (You found it in a labyrinth)

   [ring of teleportation]

   It may teleport you to nearby monsters, and can be evoked to randomly
   teleport.
   It affects your strength (+4).
 Q - a ring of fire (right hand)
 R - an uncursed ring of protection from cold
 S - the ring "Vogar Hye" (left hand) {+Fly Stlth+}
   (You found it in a labyrinth)

   [ring of flight]

   It lets you fly.
   It makes you more stealthy.
Magical devices
 d - a wand of random effects (14)
 g - a wand of magic darts (31)
 o - a wand of slowing (29)
 p - a wand of random effects (24)
 q - a wand of random effects (35)
 s - a wand of enslavement (12)
 w - a wand of invisibility (2)
 x - a wand of frost (27)
 A - a wand of confusion (20)
 C - a wand of digging (8)
 G - a wand of cold (0)
 H - a wand of confusion (7)
 P - a wand of slowing (15)
 T - a wand of draining (5)
 V - a wand of random effects (19)
 X - a wand of heal wounds (5)
Scrolls
 e - 4 scrolls of fog
 f - 2 scrolls of fear
 j - a scroll of magic mapping
 m - 2 scrolls of blinking
 v - 5 scrolls of identify
 D - 3 scrolls of immolation
 I - 2 scrolls of enchant armour
 J - 2 scrolls of enchant weapon
 L - a scroll of torment
 U - a scroll of remove curse
Books
 z - a book of Ice

   Spells                             Type                      Level
   a - Ice Form                       Ice/Transmutation            4
   b - Metabolic Englaciation         Hexes/Ice                    5
   c - Ozocubu's Refrigeration        Ice                          6
   d - Bolt of Cold                   Conjuration/Ice              6
   e - Freezing Cloud                 Conjuration/Ice/Air          6
   f - Simulacrum                     Ice/Necromancy               6
   Trog disapproves of the use of such an item.
 K - a book of Spatial Translocations

   Spells                             Type                      Level
   a - Apportation                    Translocation                1
   b - Blink                          Translocation                2
   c - Shroud of Golubria             Charms/Translocation         2
   d - Portal Projectile              Translocation                3
   e - Teleport Other                 Translocation                3
   f - Passage of Golubria            Translocation                4
   Trog disapproves of the use of such an item.
 W - a book of Burglary

   Spells                             Type                      Level
   a - Swiftness                      Charms/Air                   2
   b - Passwall                       Transmutation/Earth          3
   c - Passage of Golubria            Translocation                4
   d - Lee's Rapid Deconstruction     Earth                        5
   e - Invisibility                   Hexes                        6
   f - Darkness                       Hexes                        7
   Trog disapproves of the use of such an item.


   Skills:
 + Level 13.0 Fighting
 - Level 12.1 Maces & Flails
 + Level 4.5 Armour
 - Level 1.5 Dodging


You had 11 spell levels left.
You didn't know any spells.

Dungeon Overview and Level Annotations

Branches:
Dungeon (11/15)            Temple (0/1) D:6            Lair (2/8) D:8
    Orc (0/4) D:10

Altars:
Ashenzari
Fedhas
Kikubaaqudgha
Makhleb
Nemelex Xobeh
Trog
Vehumet
Xom
Yredelemnul

Shops:
D:6 }   D:8 *

Annotations:
D:2 exclusion: downstairs
D:8 exclusion: statue


Innate Abilities, Weirdness & Mutations

You do not eat or drink.
Your flesh is vulnerable to fire.
You are immune to poison.
Your flesh is cold resistant.
You are immune to negative energy.
You are immune to unholy pain and torment.
You can survive without breathing.


Message History

There is a stone staircase leading down here.
Key pressed, stopping travel.
Unknown command.
(D) Dungeon (T) Temple (L) Lair (O) Orcish Mines
Where to? (Enter - D:6 @ (x,y), ? - help)
Okay, then.
Unknown command.
Unknown command.
(D) Dungeon (T) Temple (L) Lair (O) Orcish Mines
Where to? (Enter - D:6 @ (x,y), ? - help)
There is an entrance to Kiperphez's Gadget Shoppe here.
X - a wand of heal wounds (5) Thank you for shopping at Kiperphez's Gadget Shoppe!
Unknown command.
Search for what [Enter for "wand", or ? for help]? mornin Saving game... please wait.
Welcome back, demorobin the Mummy Berserker.
Trog says: Kill them all!
Press ? for a list of commands and other information.
Are you sure you want to abandon this character and quit the game? (Confirm with "yes".)

#.# #.#####....... #.#
#........>###. #####.#
#######..## #. ......#
##################..# #.
#########...##..)†..........#
#.
#.......###.##.##########..##
#. #.......# #.##.# #..# #.
'...>...#
#.##.##########..#####.
#.......#
#.##..@................
#.......#
#......................
####'####
####..#########.######.
.###.#########..# #.# #.
................#########.#
#.
##############............#
#. ## ############## #. .##
################ ##########.
#.# #...........)..#
#..........


There were no monsters in sight!

Vanquished Creatures
  A hydra (Lair:1)
  A queen ant (D:9)
  A hill giant (D:10)
  A cyclops (D:11)
  A black mamba (Lair:1)
  3 spiny frogs
  A two-headed ogre (D:9)
  Grinder (D:6)
  A troll (D:10)
  The ghost of darkblade17 the Ruffian, an average TrBe of Trog (D:3)
  6 basilisks
  A yak (D:10)
  3 hippogriffs
  2 wraiths
  18 soldier ants (D:9)
  A sky beast (D:10)
  3 porcupines
  5 water moccasins
  4 black bears
  An eye of draining (D:10)
  2 phantoms
  A slave (D:7)
  5 orc warriors
  2 ice beasts
  6 crocodiles
  6 ogres
  2 necrophages
  A gnoll sergeant (D:5)
  2 big kobolds (D:8)
  5 giant frogs
  2 water moccasin skeletons
  17 killer bees (D:8)
  4 wights (D:9)
  A quasit (D:6)
  2 giant frog zombies
  5 hounds
  6 crimson imps
  4 jellies
  6 orc wizards
  6 orc priests
  Ijyb (D:3)
  4 giant frog skeletons
  3 gnoll shamans (D:5)
  2 centaur skeletons
  4 iguanas
  Natasha (thrice) (D:3)
  36 worker ants
  2 killer bee zombies
  4 sheep (Lair:2)
  3 hound skeletons
  A hound zombie (D:5)
  Robin (D:3)
  2 worker ant zombies
  16 adders
  45 gnolls
  21 river rats
  4 shadow imps
  3 oozes (D:1)
  2 worms
  An adder skeleton (D:8)
  10 giant geckos
  25 orcs
  A ball python (D:5)
  10 bats
  A bat skeleton (D:6)
  2 giant cockroaches
  18 hobgoblins
  26 jackals
  3 quokkas
  A giant cockroach zombie (D:5)
  A giant gecko skeleton (D:5)
  7 giant newts
  20 goblins
  A jackal skeleton (D:8)
  33 kobolds
  2 quokka skeletons
  17 rats
477 creatures vanquished.

Vanquished Creatures (collateral kills)
  A minotaur (Lab)
  Pikel (D:7)
  A minotaur zombie (Lab)
3 creatures vanquished.

Vanquished Creatures (others)
  An ogre (Lair:1)
  An adder (D:7)
  A jackal zombie (D:7)
3 creatures vanquished.

Grand Total: 483 creatures vanquished

Notes
Turn   | Place    | Note
--------------------------------------------------------------
     0 | D:1      | demorobin the Mummy Berserker began the quest for the Orb.
     0 | D:1      | Reached XP level 1. HP: 18/18 MP: 1/1
   579 | D:1      | Reached XP level 2. HP: 16/24 MP: 2/2
  1708 | D:1      | Acquired Trog's second power
  1708 | D:1      | Reached XP level 3. HP: 29/29 MP: 3/3
  2875 | D:2      | Reached skill level 4 in Maces & Flails
  2962 | D:2      | Found an ancient bone altar of Kikubaaqudgha.
  3037 | D:2      | Reached XP level 4. HP: 20/35 MP: 4/4
  3948 | D:3      | Noticed Ijyb
  4213 | D:3      | Killed Ijyb
  4213 | D:3      | Reached XP level 5. HP: 29/41 MP: 5/5
  4452 | D:3      | Noticed Natasha
  4644 | D:3      | Found a blossoming altar of Fedhas.
  4644 | D:3      | Found a sparkling altar of Nemelex Xobeh.
  4704 | D:3      | Killed Natasha
  4704 | D:3      | Reached skill level 5 in Maces & Flails
  4738 | D:3      | Noticed darkblade17's ghost (average TrBe)
  4778 | D:3      | Noticed Natasha
  4808 | D:3      | Killed Natasha
  4818 | D:3      | Noticed Natasha
  4828 | D:3      | Killed Natasha
  5053 | D:4      | yay
  5265 | D:3      | Found a shimmering altar of Xom.
  5446 | D:3      | Noticed Robin
  5507 | D:3      | Reached XP level 6. HP: 43/47 MP: 6/6
  5553 | D:3      | Killed Robin
  6039 | D:4      | Reached skill level 6 in Maces & Flails
  7357 | D:5      | Entered Level 5 of the Dungeon
  7481 | D:5      | Reached XP level 7. HP: 50/52 MP: 7/7
  8268 | D:5      | Reached skill level 7 in Maces & Flails
  8536 | D:5      | Reached skill level 5 in Fighting
  8696 | D:5      | Reached XP level 8. HP: 52/62 MP: 8/8
  9440 | D:5      | Acquired Trog's third power
 10487 | D:3      | Killed darkblade17's ghost
 10487 | D:3      | Reached skill level 8 in Maces & Flails
 10487 | D:3      | Reached XP level 9. HP: 54/71 MP: 9/9
 10878 | D:6      | Found a staircase to the Ecumenical Temple.
 10878 | D:6      | Noticed Grinder
 10890 | D:6      | Killed Grinder
 10914 | D:6      | Found Kiperphez's Gadget Shoppe.
 11393 | D:6      | Found a bloodstained altar of Trog.
 11605 | D:6      | Found a shattered altar of Ashenzari.
 12063 | D:7      | Reached skill level 9 in Maces & Flails
 12303 | D:7      | Noticed Pikel
 12318 | D:7      | Killed Pikel
 13842 | D:8      | Found a radiant altar of Vehumet.
 13947 | D:8      | Found a burning altar of Makhleb.
 13963 | D:8      | Reached XP level 10. HP: 81/83 MP: 10/10
 14215 | D:8      | Found Vireasat's General Store.
 14795 | D:8      | Found a staircase to the Lair.
 14830 | Lair:1   | Entered Level 1 of the Lair of Beasts
 14946 | Lair:1   | Reached skill level 10 in Fighting
 14946 | Lair:1   | Reached skill level 10 in Maces & Flails
 15056 | Lair:1   | Noticed a black mamba
 15069 | Lair:1   | Killed a black mamba
 15476 | Lair:1   | Noticed a seven-headed hydra
 15485 | Lair:1   | Killed a seven-headed hydra
 16187 | Lair:1   | Reached skill level 11 in Fighting
 16744 | D:9      | Reached XP level 11. HP: 90/93 MP: 11/11
 16880 | D:9      | Noticed a queen ant
 16915 | D:9      | Killed a queen ant
 16925 | D:9      | Received a gift from Trog
 17615 | D:9      | Reached skill level 12 in Fighting
 18088 | D:10     | Entered Level 10 of the Dungeon
 18230 | D:10     | Found a staircase to the Orcish Mines.
 18477 | D:10     | Noticed a hill giant
 18483 | D:10     | Killed a hill giant
 18733 | D:11     | Found a labyrinth entrance.
 18738 | Lab      | Entered a labyrinth
 18984 | Lab      | Noticed a minotaur
 18992 | Lab      | Killed a minotaur
 18995 | Lab      | Got a glittering granite ring
 18995 | Lab      | Got a slimy glass ring
 19054 | D:11     | Identified the ring "Xufucwanu" {+/*Tele Str+4} (You found it in a labyrinth)
 19270 | D:11     | Identified the ring "Vogar Hye" {+Fly Stlth+} (You found it in a labyrinth)
 19440 | Lair:2   | Reached XP level 12. HP: 101/103 MP: 12/12
 19823 | Lair:2   | Reached skill level 13 in Fighting
 20015 | Lair:2   | Found a basalt altar of Yredelemnul.
 20339 | D:6      | Bought a wand of heal wounds (5) for 702 gold pieces
 20339 | D:6      | Upgraded the game from 0.17-a0-1174-ge06b3cc to 0.17-a0-1184-gb75be8f
 20339 | D:6      | Quit the game

Vault maps used:
D:1:      lightli_iron_boxes
D:2:      lemuel_crystal_altar
D:3:      nemelex_xobeh_ov_fountains_minmay, fedhas_altar_1, xom_butterflies,
          uniq_robin, uniq_iyjb, uniq_natasha
D:4:      first_bread
D:5:      lemuel_castle_with_subvaults, kennysheep_windowed_goal
D:6:      kennysheep_mini_moat, temple_green, serial_shops, shop,
          trog_ov_bears_minmay, uniq_grinder
D:7:      uniq_pikel
D:8:      vehumet_statue, lemuel_doored_altar, serial_shops, shop,
          david_nohive_1, minmay_door_square, minmay_small_thing
D:9:      minmay_misc_feat_chi, zaba_anthell
D:10:     orc_0_dummy, st_stairs_3, serial_bayou_pond_e
D:11:     lab_entry_generic, nicolae_ru_awakened_eye
Lair:1:   bh_autumn_forest_stairs, serial_bayou_shore_b
Lair:2:   basic_altar
Lab:      labyrinth_hidden_loot, nicolae_lab_arrow, nicolae_lab_flowing_pool,
          labyrinth_fake_exit, nicolae_lab_stuck, nicolae_lab_big_swirl,
          lab_block

Action                   |  1- 3 |  4- 6 |  7- 9 | 10-12 || total
-------------------------+-------+-------+-------+-------++-------
Melee: Mace              |   145 |    37 |       |       ||   182
       Whip              |       |   527 |    90 |   954 ||  1571
       Flail             |       |       |   638 |       ||   638
       Dire flail        |       |       |    84 |     4 ||    88
Throw: Stone             |     2 |    13 |    15 |     7 ||    37
       Tomahawk          |       |       |       |     6 ||     6
Invok: Trog's Hand       |       |     9 |    13 |     8 ||    30
       Burn Spellbooks   |       |     1 |       |       ||     1
       Brothers in Arms  |       |       |     1 |     2 ||     3
Evoke: Wand              |       |       |       |     1 ||     1
  Use: Scroll            |     2 |     7 |     4 |    11 ||    24
 Stab: Sleeping          |     1 |       |       |       ||     1
       Distracted        |       |       |       |     1 ||     1
